TOP OF THE 1ST |
Winnipeg Goldeyes batting - Pitching for Trois-Riveres Aigles : RHP Mike Oliver
|
Pitching: RHP Mike Oliver
|
|
Batting: RHB Caleb Bockmann
|
0-0: Ball 1-0: Called Strike 1-1: Called Strike 1-2: Ball 2-2: Strikes out swinging
|
Batting: LHB Brian Wagner
|
0-0: Called Strike 0-1: Called Strike 0-2: SINGLE (Flyball, 3D, EV 92.5 MPH)
|
Batting: SHB Manny Molina
|
0-0: Ball 1-0: Called Strike 1-1: Foul Ball, location: 2F 1-2: Ball 2-2: Strikes out swinging
|
Batting: RHB Steve Terrell
|
0-0: Called Strike Brian Wagner steals 2nd base 0-1: Ball 1-1: Swinging Strike 1-2: Strikes out swinging
|
Top of the 1st over - 0 runs, 1 hit, 0 errors, 1 left on base; Winnipeg 0 - Trois-Riveres 0 |
BOTTOM OF THE 1ST |
Trois-Riveres Aigles batting - Pitching for Winnipeg Goldeyes : RHP Tom Winsor
|
Pitching: RHP Tom Winsor
|
|
Batting: LHB Jonathan Spino
|
0-0: Fly out, F2 (Popup, 25F, EV 86.2 MPH)
|
Batting: RHB Dave Galloway
|
0-0: Foul Ball, location: 2F 0-1: Foul Ball, location: 2F 0-2: Fly out, F8 (Flyball, 8LD, EV 93.1 MPH)
|
Batting: LHB Rich Matthews
|
0-0: Called Strike 0-1: Ball 1-1: Fly out, F8 (Flyball, 8LM, EV 80.0 MPH)
|
Bottom of the 1st over - 0 runs, 0 hits, 0 errors, 0 left on base; Winnipeg 0 - Trois-Riveres 0 |
TOP OF THE 2ND |
Winnipeg Goldeyes batting - Pitching for Trois-Riveres Aigles : RHP Mike Oliver
|
Batting: LHB Marshall Daul
|
0-0: Called Strike 0-1: Fly out, F8 (Flyball, 89D, EV 98.8 MPH)
|
Batting: RHB Kevin Harris
|
0-0: Ball 1-0: Foul Ball, location: 2F 1-1: Ball 2-1: DOUBLE (Flyball, 8LXD, EV 103.1 MPH)
|
Batting: LHB Tomas Espino
|
0-0: Called Strike 0-1: Swinging Strike 0-2: Foul Ball, location: 2F 0-2: Ball 1-2: Ball 2-2: Foul Ball, location: 2F 2-2: Strikes out swinging
|
Batting: RHB David McDonald
|
0-0: Called Strike 0-1: Foul Ball, location: 2F 0-2: Strikes out swinging
|
Top of the 2nd over - 0 runs, 1 hit, 0 errors, 1 left on base; Winnipeg 0 - Trois-Riveres 0 |
BOTTOM OF THE 2ND |
Trois-Riveres Aigles batting - Pitching for Winnipeg Goldeyes : RHP Tom Winsor
|
Batting: RHB Alex Diaz
|
0-0: Called Strike 0-1: Ball 1-1: Foul Ball, location: 2F 1-2: Foul Ball, location: 2F 1-2: Strikes out swinging
|
Batting: RHB John Downing
|
0-0: Called Strike 0-1: Ball 1-1: Ball 2-1: Fly out, F6 (Line Drive, 6, EV 74.4 MPH)
|
Batting: LHB Sean Banks
|
0-0: Ball 1-0: Foul Ball, location: 2F 1-1: Swinging Strike 1-2: Foul Ball, location: 2F 1-2: Ball 2-2: Strikes out swinging
|
Bottom of the 2nd over - 0 runs, 0 hits, 0 errors, 0 left on base; Winnipeg 0 - Trois-Riveres 0 |
TOP OF THE 3RD |
Winnipeg Goldeyes batting - Pitching for Trois-Riveres Aigles : RHP Mike Oliver
|
Batting: RHB Ton van Dijk
|
0-0: Called Strike 0-1: Called Strike 0-2: Ball 1-2: Ball 2-2: Ground out 6-3 (Groundball, 6S, EV 93.8 MPH)
|
Batting: RHB Caleb Bockmann
|
0-0: Swinging Strike 0-1: Foul Ball, location: 2F 0-2: Foul Ball, location: 2F 0-2: Ball 1-2: Strikes out looking
|
Batting: LHB Brian Wagner
|
0-0: Ball 1-0: Ball 2-0: SINGLE (Line Drive, 34D, EV 106.9 MPH)
|
Batting: SHB Manny Molina
|
0-0: Ball Brian Wagner steals 2nd base 1-0: Swinging Strike 1-1: Ball 2-1: SINGLE (Flyball, 8RS, EV 91.9 MPH) Brian Wagner to third Runner from 3rd tries for Home, SAFE, throw by CF to home
|
Batting: RHB Steve Terrell
|
0-0: Called Strike Manny Molina steals 2nd base 0-1: Ball 1-1: Ball 2-1: Ball 3-1: Base on Balls
|
Batting: LHB Marshall Daul
|
0-0: Foul Ball, location: 2F 0-1: Swinging Strike 0-2: Ball 1-2: Fly out, F5 (Line Drive, 5, EV 65.6 MPH)
|
Top of the 3rd over - 1 run, 2 hits, 0 errors, 2 left on base; Winnipeg 1 - Trois-Riveres 0 |
BOTTOM OF THE 3RD |
Trois-Riveres Aigles batting - Pitching for Winnipeg Goldeyes : RHP Tom Winsor
|
Batting: RHB Alex Koral
|
0-0: Swinging Strike 0-1: Ball 1-1: Ball 2-1: Swinging Strike 2-2: Strikes out swinging
|
Batting: RHB Josh Harmon
|
0-0: Called Strike 0-1: Ball 1-1: Fly out, F8 (Flyball, 8LM, EV 80.0 MPH)
|
Batting: RHB Wan-ling Zhu
|
0-0: Ball 1-0: Called Strike 1-1: Ball 2-1: Ball 3-1: Foul Ball, location: 2F 3-2: Base on Balls
|
Batting: LHB Jonathan Spino
|
0-0: Called Strike 0-1: Ball Wan-ling Zhu steals 2nd base 1-1: Fly out, F7 (Line Drive, 7D, EV 108.8 MPH)
|
Bottom of the 3rd over - 0 runs, 0 hits, 0 errors, 1 left on base; Winnipeg 1 - Trois-Riveres 0 |
TOP OF THE 4TH |
Winnipeg Goldeyes batting - Pitching for Trois-Riveres Aigles : RHP Mike Oliver
|
Batting: RHB Kevin Harris
|
0-0: Ball 1-0: Foul Ball, location: 2F 1-1: Foul Ball, location: 2F 1-2: Ground out 6-3 (Groundball, 6, EV 98.1 MPH)
|
Batting: LHB Tomas Espino
|
0-0: Ball 1-0: Swinging Strike 1-1: Called Strike 1-2: Ball 2-2: Ground out 5-3 (Groundball, 56S, EV 68.8 MPH)
|
Batting: RHB David McDonald
|
0-0: Ball 1-0: Ball 2-0: Called Strike 2-1: SINGLE (Groundball, 56S, EV 74.4 MPH) (infield hit)
|
Batting: RHB Ton van Dijk
|
0-0: Called Strike David McDonald steals 2nd, throwing error, E2 David McDonald to third 0-1: Fly out, F6 (Line Drive, 6, EV 70.6 MPH)
|
Top of the 4th over - 0 runs, 1 hit, 1 error, 1 left on base; Winnipeg 1 - Trois-Riveres 0 |
BOTTOM OF THE 4TH |
Trois-Riveres Aigles batting - Pitching for Winnipeg Goldeyes : RHP Tom Winsor
|
Batting: RHB Dave Galloway
|
0-0: Ball 1-0: Swinging Strike 1-1: Swinging Strike 1-2: Fly out, F8 (Flyball, 78D, EV 108.8 MPH)
|
Pitching: RHP Scot Abbott
|
|
Batting: LHB Rich Matthews
|
0-0: Ball 1-0: Foul Ball, location: 2F 1-1: SINGLE (Groundball, 34D, EV 100.6 MPH)
|
Batting: RHB Alex Diaz
|
0-0: Fly out, F9 (Line Drive, 9, EV 107.5 MPH)
|
Batting: RHB John Downing
|
0-0: Ball 1-0: Ball 2-0: Foul Ball, location: 2F 2-1: Foul Ball, location: 2F 2-2: Ground out 5-3 (Groundball, 56S, EV 83.8 MPH)
|
Bottom of the 4th over - 0 runs, 1 hit, 0 errors, 1 left on base; Winnipeg 1 - Trois-Riveres 0 |
TOP OF THE 5TH |
Winnipeg Goldeyes batting - Pitching for Trois-Riveres Aigles : RHP Mike Oliver
|
Batting: RHB Caleb Bockmann
|
0-0: SINGLE (Flyball, 4D, EV 83.8 MPH)
|
Batting: LHB Brian Wagner
|
0-0: Foul Ball, location: 2F 0-1: Fly out, F7 (Flyball, 78D, EV 95.0 MPH)
|
Batting: SHB Manny Molina
|
0-0: Ball 1-0: Called Strike 1-1: Foul Ball, location: 2F 1-2: Ball 2-2: SINGLE (Line Drive, 89S, EV 103.1 MPH) Caleb Bockmann to second
|
Batting: RHB Steve Terrell
|
0-0: Ball 1-0: Swinging Strike 1-1: Called Strike 1-2: Ball 2-2: Ball 3-2: Strikes out swinging
|
Batting: LHB Marshall Daul
|
0-0: Ball 1-0: Ball 2-0: Ball 3-0: Called Strike 3-1: Base on Balls Caleb Bockmann to third Manny Molina to second
|
Batting: RHB Kevin Harris
|
0-0: Ball 1-0: SINGLE (Groundball, 13S, EV 73.1 MPH) (infield hit) Caleb Bockmann scores Manny Molina to third Marshall Daul to second
|
Batting: LHB Tomas Espino
|
0-0: Ground out 4-3 (Groundball, 4, EV 86.9 MPH)
|
Top of the 5th over - 1 run, 3 hits, 0 errors, 3 left on base; Winnipeg 2 - Trois-Riveres 0 |
BOTTOM OF THE 5TH |
Trois-Riveres Aigles batting - Pitching for Winnipeg Goldeyes : RHP Scot Abbott
|
Batting: LHB Sean Banks
|
0-0: Ball 1-0: Called Strike 1-1: Foul Ball, location: 2F 1-2: Ball 2-2: Ball 3-2: Foul Ball, location: 2F 3-2: Ground out U3 (Groundball, 34, EV 102.5 MPH)
|
Batting: RHB Alex Koral
|
0-0: Ball 1-0: Called Strike 1-1: Ball 2-1: Ball 3-1: Base on Balls
|
Batting: RHB Josh Harmon
|
0-0: Called Strike 0-1: Ball 1-1: Foul Ball, location: 2F 1-2: Foul Ball, location: 2F 1-2: Foul Ball, location: 2F 1-2: Strikes out swinging
|
Batting: RHB Wan-ling Zhu
|
0-0: Foul Ball, location: 2F 0-1: Called Strike 0-2: Ball Alex Koral steals 2nd base 1-2: Ball 2-2: Strikes out swinging
|
Bottom of the 5th over - 0 runs, 0 hits, 0 errors, 1 left on base; Winnipeg 2 - Trois-Riveres 0 |
TOP OF THE 6TH |
Winnipeg Goldeyes batting - Pitching for Trois-Riveres Aigles : RHP Mike Oliver
|
Batting: RHB David McDonald
|
0-0: Ball 1-0: Swinging Strike 1-1: Ground out U3 (Groundball, 34S, EV 80.6 MPH)
|
Batting: RHB Ton van Dijk
|
0-0: Ball 1-0: Ball 2-0: Ball 3-0: Called Strike 3-1: Called Strike 3-2: Base on Balls
|
Batting: RHB Caleb Bockmann
|
0-0: Ball Ton van Dijk is caught stealing 2nd base 2-4 1-0: Swinging Strike 1-1: SINGLE (Groundball, 56D, EV 105.6 MPH)
|
Pitching: RHP David Silguero
|
|
Batting: LHB Brian Wagner
|
0-0: Ball 1-0: Swinging Strike 1-1: Called Strike 1-2: Ball 2-2: Ball 3-2: SINGLE (Line Drive, 8RS, EV 94.4 MPH) Caleb Bockmann to second Caleb Bockmann to third
|
Batting: SHB Manny Molina
|
0-0: Ball 1-0: Foul Ball, location: 2F 1-1: Ball 2-1: Reached on error, E4 (Groundball, 4, EV 90.0 MPH) Caleb Bockmann scores Brian Wagner to second
|
Batting: RHB Steve Terrell
|
0-0: Called Strike 0-1: Ball 1-1: Swinging Strike 1-2: Foul Ball, location: 2F 1-2: Strikes out swinging
|
Top of the 6th over - 1 run, 2 hits, 1 error, 2 left on base; Winnipeg 3 - Trois-Riveres 0 |
BOTTOM OF THE 6TH |
Trois-Riveres Aigles batting - Pitching for Winnipeg Goldeyes : RHP Scot Abbott
|
Batting: LHB Jonathan Spino
|
0-0: Foul Ball, location: 2F 0-1: Ball 1-1: Foul Ball, location: 2F 1-2: Ball 2-2: Ball 3-2: Strikes out swinging
|
Batting: RHB Dave Galloway
|
0-0: Foul Ball, location: 2F 0-1: Called Strike 0-2: Ball 1-2: Ball 2-2: Ball 3-2: Fly out, F6 (Flyball, 56D, EV 96.2 MPH)
|
Batting: LHB Rich Matthews
|
0-0: Swinging Strike 0-1: Called Strike 0-2: Ball 1-2: Foul Ball, location: 2F 1-2: Ball 2-2: Ball 3-2: Strikes out swinging
|
Bottom of the 6th over - 0 runs, 0 hits, 0 errors, 0 left on base; Winnipeg 3 - Trois-Riveres 0 |
TOP OF THE 7TH |
Winnipeg Goldeyes batting - Pitching for Trois-Riveres Aigles : RHP David Silguero
|
Batting: LHB Marshall Daul
|
0-0: Called Strike 0-1: Ball 1-1: Foul Ball, location: 2F 1-2: Strikes out swinging
|
Batting: RHB Kevin Harris
|
0-0: Ball 1-0: Ball 2-0: Called Strike 2-1: Ball 3-1: Foul Ball, location: 2F 3-2: Foul Ball, location: 2F 3-2: Foul Ball, location: 2F 3-2: SINGLE (Groundball, 6MD, EV 101.9 MPH)
|
Batting: LHB Tomas Espino
|
0-0: Called Strike 0-1: Ball 1-1: Ball 2-1: Fly out, F8 (Flyball, 8LD, EV 96.9 MPH)
|
Batting: RHB David McDonald
|
0-0: Foul Ball, location: 2F 0-1: Foul Ball, location: 2F 0-2: Ball 1-2: Strikes out swinging
|
Top of the 7th over - 0 runs, 1 hit, 0 errors, 1 left on base; Winnipeg 3 - Trois-Riveres 0 |
BOTTOM OF THE 7TH |
Trois-Riveres Aigles batting - Pitching for Winnipeg Goldeyes : RHP Scot Abbott
|
Pitching: RHP Ruben Calderon
|
|
Batting: RHB Alex Diaz
|
0-0: Called Strike 0-1: Ball 1-1: Foul Ball, location: 2F 1-2: Strikes out swinging
|
Batting: RHB John Downing
|
0-0: Called Strike 0-1: SINGLE (Groundball, 56D, EV 101.9 MPH)
|
Batting: LHB Sean Banks
|
0-0: Ball 1-0: Ground out 3-1 (Groundball, 13, EV 79.4 MPH) John Downing to second
|
Batting: RHB Alex Koral
|
0-0: Swinging Strike 0-1: Called Strike 0-2: Ball 1-2: Ground out 4-3 (Groundball, 4, EV 91.9 MPH)
|
Bottom of the 7th over - 0 runs, 1 hit, 0 errors, 1 left on base; Winnipeg 3 - Trois-Riveres 0 |
TOP OF THE 8TH |
Winnipeg Goldeyes batting - Pitching for Trois-Riveres Aigles : RHP David Silguero
|
Pitching: LHP Ryan Folks
|
|
Batting: RHB Ton van Dijk
|
0-0: Ball 1-0: Foul Ball, location: 2F 1-1: Foul Ball, location: 2F 1-2: Strikes out looking
|
Batting: RHB Caleb Bockmann
|
0-0: Foul Ball, location: 2F 0-1: Ball 1-1: Swinging Strike 1-2: Strikes out swinging
|
Batting: LHB Brian Wagner
|
0-0: Swinging Strike 0-1: Foul Ball, location: 2F 0-2: Ball 1-2: Strikes out swinging
|
Top of the 8th over - 0 runs, 0 hits, 0 errors, 0 left on base; Winnipeg 3 - Trois-Riveres 0 |
BOTTOM OF THE 8TH |
Trois-Riveres Aigles batting - Pitching for Winnipeg Goldeyes : RHP Ruben Calderon
|
Batting: RHB Josh Harmon
|
0-0: SINGLE (Flyball, 7S, EV 90.6 MPH)
|
Pinch Hitting: LHB Dave Northam
|
0-0: Ball 1-0: Grounds into double play, 5-4-3 (Groundball, 56S, EV 85.0 MPH)
|
Batting: LHB Jonathan Spino
|
0-0: Foul Ball, location: 2F 0-1: Ball 1-1: Called Strike 1-2: Foul Ball, location: 2F 1-2: Strikes out swinging
|
Bottom of the 8th over - 0 runs, 1 hit, 0 errors, 0 left on base; Winnipeg 3 - Trois-Riveres 0 |
TOP OF THE 9TH |
Winnipeg Goldeyes batting - Pitching for Trois-Riveres Aigles : LHP Ryan Folks
|
Pitching: LHP Min Xue
|
|
Now at 2B: Dave Northam
|
|
Now at 3B: Alex Koral
|
|
Now at SS: John Downing
|
|
Batting: SHB Manny Molina
|
0-0: Foul Ball, location: 2F 0-1: Ball 1-1: Fly out, F6 (Flyball, 56D, EV 89.4 MPH)
|
Batting: RHB Steve Terrell
|
0-0: Swinging Strike 0-1: Ball 1-1: Reached on error, E5 (Groundball, 56, EV 83.8 MPH)
|
Batting: LHB Marshall Daul
|
0-0: Ball 1-0: Called Strike 1-1: SINGLE (Groundball, 6D, EV 97.5 MPH) Steve Terrell to second
|
Batting: RHB Kevin Harris
|
0-0: Called Strike 0-1: Ball 1-1: Grounds into double play, 6-4-3 (Groundball, 56, EV 96.2 MPH)
|
Top of the 9th over - 0 runs, 1 hit, 1 error, 1 left on base; Winnipeg 3 - Trois-Riveres 0 |
BOTTOM OF THE 9TH |
Trois-Riveres Aigles batting - Pitching for Winnipeg Goldeyes : RHP Ruben Calderon
|
Batting: RHB Dave Galloway
|
0-0: Called Strike 0-1: Ball 1-1: Foul Ball, location: 2F 1-2: Fly out, F2 (Popup, 13S, EV 91.9 MPH)
|
Batting: LHB Rich Matthews
|
0-0: Fly out, F8 (Flyball, 78D, EV 88.1 MPH)
|
Batting: RHB Alex Diaz
|
0-0: Called Strike 0-1: Swinging Strike 0-2: Ball 1-2: Strikes out looking
|
Bottom of the 9th over - 0 runs, 0 hits, 0 errors, 0 left on base; Winnipeg 3 - Trois-Riveres 0 |
|